 Dungeon Crawl Stone Soup version 0.30-a0-782-ge64f9170bb (webtiles) character file.

Game seed: 12543641541513775940

27 mopl the Caller (level 3, -4/24 HPs)
             Began as a Merfolk Summoner on Mar 12, 2023.
             Slain by a worm (10 damage)
             ... on level 2 of the Dungeon.
             The game lasted 00:01:19 (851 turns).

mopl the Caller (Merfolk Summoner)                   Turns: 851, Time: 00:01:19

Health: -4/24      AC:  2    Str:  8    XL:     3   Next: 10%
Magic:  7/7        EV: 12    Int: 16    God:
Gold:   62         SH:  0    Dex: 14    Spells: 1/7 levels left

rFire   . . .      SeeInvis .    c - +0 hand axe
rCold   . . .      Faith    .    (no shield)
rNeg    . . .      Spirit   .    a - +0 robe
rPois   .          Reflect  .    (no helmet)
rElec   .          Harm     .    (no cloak)
rCorr   .          Rampage  .    (no gloves)
Will    .....                    (no boots)
Stlth   ++                       (no amulet)
HPRegen 0.24/turn                (no ring)
MPRegen 0.10/turn                (no ring)

@: no status effects
A: (nimble swimmer 2), mertail
a: no special abilities


You were on level 2 of the Dungeon.
You visited 1 branch of the dungeon, and saw 2 of its levels.

You collected 62 gold pieces.

Inventory:

Hand Weapons
 c - a +0 hand axe (weapon)
Armour
 a - a +0 robe (worn)
Scrolls
 g - a scroll of identify {unknown}
 h - a scroll of blinking {unknown}
Potions
 b - a potion of magic
 d - 2 potions of cancellation {unknown}
 e - a potion of heal wounds {unknown}
 f - 2 potions of curing {unknown}


   Skills:
 - Level 2.6 Dodging
 - Level 2.1 Stealth
 + Level 2.7 Spellcasting
 + Level 4.5 Summonings


You had one spell level left.
You knew the following spells:

 Your Spells              Type           Power      Damage    Failure   Level
a - Summon Small Mammal   Summ           64%        N/A       3%          1
b - Call Imp              Summ           16%        N/A       4%          2
c - Call Canine Familiar  Summ           16%        N/A       9%          3

Your spell library contained the following spells:

 Spells                   Type           Power      Damage    Failure   Level
 Summon Guardian Golem    Hex/Summ       9%         N/A       22%         3
 Ignite Poison            Fire/Tmut/Pois 2%         N/A       50%         3
 Kindle Blastsparks       Fire/Tloc/Air  4%         2d10      50%         3
 Tukima's Dance           Hex            2%         N/A       50%         3
 Summon Lightning Spire   Summ/Air       9%         N/A       58%         4
 Passage of Golubria      Tloc           2%         N/A       88%         4
 Freezing Cloud           Conj/Ice/Air   1%         6-21      99%         5
 Yara's Violent Unravell  Hex/Tmut       1%         3d3       99%         5


Dungeon Overview and Level Annotations

Branches:
Dungeon (2/15)

Altars:


Innate Abilities, Weirdness & Mutations

((You are very nimble when in or above water. (Stealth+, EV+, Speed+++)))
Your lower body shifts to a powerful aquatic tail in water.


Message History

There is a stone staircase leading down here.
You climb downwards.
The ball python hisses angrily.
Found a scroll labelled YROMERGHEUST.
There is a stone staircase leading up here.
There are monsters nearby!
The ball python bites you. The ball python misses you.
You climb upwards.
There is a stone staircase leading down here.
You hit the ball python.
You kill the ball python!
No target in view!
No target in view!
HP restored.
You climb downwards.
There is a stone staircase leading up here.
You completely miss the worm. You hit the worm.
The worm is lightly wounded.
The worm closely misses you.
You hit the worm.
The worm is lightly wounded.
The worm bites you!
You hit the worm.
The worm is moderately wounded.
The worm bites you.
You barely miss the worm.
The worm is moderately wounded.
You hit the worm.
The worm is severely wounded.
The worm bites you!
* * * LOW HITPOINT WARNING * * *
You are too injured to fight recklessly!
You hit the worm.
The worm is severely wounded.
The worm closely misses you.
You hit the worm but do no damage.
The worm is severely wounded.
The worm bites you!
You die...

#...# #...##### #
#...#...##
#.#####........##
.#................
.................#
#................
#...@w......
#<...#...##.
#....# #.# #...?#
# #....# #......
###.#### #.# ..


You could see a worm.

Vanquished Creatures
  A dart slug (D:1)
  5 endoplasms (D:1)
  2 giant cockroaches (D:1)
  3 goblins (D:1)
  2 hobgoblins (D:1)
  2 ball pythons (D:1)
  3 bats (D:1)
  2 frilled lizards (D:1)
  2 kobolds (D:1)
  A rat (D:1)
23 creatures vanquished.

Notes
Turn   | Place    | Note
-------+----------+-------------------------------------------
     0 | D:1      | mopl the Merfolk Summoner began the quest for the Orb.
     0 | D:1      | Reached XP level 1. HP: 13/13 MP: 3/3
    18 | D:1      | Found a faded altar of an unknown god.
    85 | D:1      | Reached XP level 2. HP: 9/19 MP: 5/5
    90 | D:1      | Learned a level 2 spell: Call Imp
   663 | D:1      | Reached XP level 3. HP: 22/24 MP: 6/6
   667 | D:1      | Learned a level 3 spell: Call Canine Familiar
   851 | D:2      | Slain by a worm

Illustrated notes

Levels and vault maps discovered:
D:1:      dpeg_arrival_rooms_with_view, layout_loops_ring,
          dreamdust_ecumenical_altar_angels_and_demons, minmay_pentomino_z4
D:2:      layout_loops_cross

Action                     || total
---------------------------++-------
  Melee: Hand axe          ||    86
   Stab: Sleeping          ||     7
 Armour: Robe              ||    16
  Dodge: Dodged            ||    70

Table legend: (Time is in decaauts)
 A = Elapsed time spent in this place.
 B = Non-inter-level travel time spent in this place.
 C = Inter-level travel time spent in this place.
 D = Time resting spent in this place.
 E = Time spent auto-exploring this place.
 F = Levels seen in this place.
 G = Mean time per level.
                   A        B        C        D        E       F      G
               +--------+--------+--------+--------+--------+-----+--------+
         Total |    873 |    840 |     33 |    149 |    463 |   2 |  436.5 |
       Dungeon |    873 |    840 |     33 |    149 |    463 |   2 |  436.5 |
               +--------+--------+--------+--------+--------+-----+--------+

Top non-repeatable levels by time:
     D:1: 855 daAuts
     D:2: 18 daAuts
